[Event "2nd Namma Bengaluru Open-A 2025"]
[Site "Bengaluru"]
[Date "2025.04.15"]
[Round "7.14"]
[White "Podolchenko, Evgeniy"]
[Black "Kaustuv, Kundu"]
[Result "1-0"]
[Annotator "RC"]
[ECO "E94"]
[WhiteElo "2307"]
[BlackElo "2407"]
[PlyCount "85"]
[EventDate "2025.04.10"]
[EventType "swiss"]
[EventCountry "IND"]
[SourceTitle "playchess.com"]
[Source "ChessBase"]
[SourceQuality "1"]
[TimeControl "5400+30"]

1. d4 Nf6 2. c4 g6 3. Nc3 Bg7 4. e4 d6 5. Nf3 O-O 6. Be2 e5 7. O-O exd4 8. Nxd4 Re8 9. f3 c6 10. Kh1 Nbd7 11. Be3 d5 12. cxd5 cxd5 13. Ndb5 Nb6 14. a4 Be6 15. a5 Nc4 16. Bxc4 dxc4 17. Bxa7 Qe7 18. Bb6 Nd7 19. Nc7 Nxb6 20. Nxe8 Bxc3 21. axb6 Rd8 22. Qc2 Bb4 23. Nc7 Rd2 24. Nxe6 Qxe6 25. Qc1 Kg7 26. Ra4 Qxb6 27. Qxc4 Rxb2 28. Ra2 Rxa2 29. Qxa2 Bc3 30. Rb1 Qf6 31. Qe2 b6 32. g3 h5 33. Kg2 Bd4 34. h4 Kh7 35. Qc4 Kg7 36. Rd1 Bc5 37. Rd7 Kf8 38. Qd5 Kg8 39. Rb7 Qb2+ 40. Kh3 Qf6 41. f4 Be7 42. Ra7 Kf8 43. Qd7 1-0

[Event "2nd Namma Bengaluru Open-A 2025"]
[Site "Bengaluru"]
[Date "2025.04.15"]
[Round "7.15"]
[White "Audi Ameya"]
[Black "Utsab Chatterjee"]
[Result "1-0"]
[Annotator "RC"]
[ECO "B90"]
[WhiteElo "2404"]
[BlackElo "2299"]
[PlyCount "49"]
[EventDate "2025.04.10"]
[EventType "swiss"]
[EventCountry "IND"]
[SourceTitle "playchess.com"]
[Source "ChessBase"]
[SourceQuality "1"]
[TimeControl "5400+30"]

1. e4 c5 2. Nf3 d6 3. d4 cxd4 4. Nxd4 Nf6 5. Nc3 a6 6. h3 e5 7. Nf3 Be7 8. g4 h6 9. Rg1 g5 10. Nd2 Nbd7 11. Nc4 Nc5 12. Be3 Qc7 13. a4 Qc6 14. Nd5 Ncxe4 15. Nb4 Qc7 16. Nb6 Rb8 17. N6d5 Nxd5 18. Nxd5 Qc6 19. Bg2 f5 20. gxf5 Bxf5 21. Qd3 Ng3 22. Nxe7 Qxg2 23. Rxg2 Bxd3 24. cxd3 Kxe7 25. fxg3 1-0

[Event "2nd Namma Bengaluru Open-A 2025"]
[Site "Bengaluru"]
[Date "2025.04.15"]
[Round "7.16"]
[White "Anuj Shrivatri"]
[Black "Ajay Santhosh Parvathareddy"]
[Result "1-0"]
[Annotator "RC"]
[ECO "A38"]
[WhiteElo "2400"]
[BlackElo "2297"]
[PlyCount "109"]
[EventDate "2025.04.10"]
[EventType "swiss"]
[EventCountry "IND"]
[SourceTitle "playchess.com"]
[Source "ChessBase"]
[SourceQuality "1"]
[TimeControl "5400+30"]

1. c4 Nf6 2. Nc3 c5 3. g3 g6 4. Bg2 Bg7 5. Nf3 Nc6 6. d4 cxd4 7. Nxd4 h5 8. h3 O-O 9. Be3 Nxd4 10. Bxd4 d6 11. b3 Rb8 12. O-O b6 13. Qd2 Be6 14. Kh2 a6 15. a4 b5 16. axb5 axb5 17. cxb5 Bxb3 18. Rfb1 Be6 19. b6 d5 20. e3 h4 21. g4 Qd6+ 22. f4 Ne4 23. Nxe4 dxe4 24. Bxe4 f5 25. gxf5 Bxf5 26. Bxf5 Rxf5 27. Qb4 Bxd4 28. Qxd6 exd6 29. exd4 Rxf4 30. b7 Kg7 31. Ra8 Rff8 32. Rxb8 Rxb8 33. Kg2 Kf6 34. Kf3 Ke6 35. Kg4 Kd5 36. Rb4 Ke4 37. Kxh4 Kf4 38. d5+ Kf5 39. Kg3 Ke5 40. Rb5 Kd4 41. Kg4 Kc4 42. Rb1 Kxd5 43. Kg5 Kc6 44. Kxg6 d5 45. Kf5 Kc7 46. Ke5 Re8+ 47. Kxd5 Kb8 48. h4 Rh8 49. Rb4 Rf8 50. Ke6 Rf1 51. h5 Rh1 52. Rb5 Rf1 53. Ke7 Rh1 54. Kf6 Rf1+ 55. Kg6 1-0

[Event "2nd Namma Bengaluru Open-A 2025"]
[Site "Bengaluru"]
[Date "2025.04.15"]
[Round "7.17"]
[White "Nandish V S"]
[Black "Fedorov, Alexei"]
[Result "1/2-1/2"]
[Annotator "RC"]
[ECO "B33"]
[WhiteElo "2014"]
[BlackElo "2396"]
[PlyCount "69"]
[EventDate "2025.04.10"]
[EventType "swiss"]
[EventCountry "IND"]
[SourceTitle "playchess.com"]
[Source "ChessBase"]
[SourceQuality "1"]
[TimeControl "5400+30"]

1. e4 c5 2. Nf3 Nc6 3. d4 cxd4 4. Nxd4 Qb6 5. Nb3 Nf6 6. Nc3 e6 7. Be3 Qc7 8. Bd3 d6 9. f4 a6 10. a4 b6 11. Qe2 Be7 12. h3 O-O 13. O-O Bb7 14. Qf2 Nd7 15. Na2 Bf6 16. c3 Ne7 17. Bc2 g6 18. Rad1 Rad8 19. f5 gxf5 20. Qg3+ Kh8 21. Qxd6 Qc8 22. Bd4 Nc6 23. Bxf6+ Nxf6 24. Qf4 Rxd1 25. Rxd1 Rg8 26. Rd2 Ne7 27. Qe5 Rg6 28. exf5 Nxf5 29. Nd4 Qg8 30. g4 Rxg4+ 31. hxg4 Qxg4+ 32. Kf2 Qh4+ 33. Ke2 Qh5+ 34. Ke1 Qh1+ 35. Ke2 1/2-1/2

[Event "2nd Namma Bengaluru Open-A 2025"]
[Site "Bengaluru"]
[Date "2025.04.15"]
[Round "7.18"]
[White "Sharnarthi Viresh"]
[Black "Hari Madhavan N B"]
[Result "0-1"]
[Annotator "RC"]
[ECO "E01"]
[WhiteElo "2232"]
[BlackElo "2393"]
[PlyCount "150"]
[EventDate "2025.04.10"]
[EventType "swiss"]
[EventCountry "IND"]
[SourceTitle "playchess.com"]
[Source "ChessBase"]
[SourceQuality "1"]
[TimeControl "5400+30"]

1. d4 d5 2. c4 c6 3. Nf3 Nf6 4. Nc3 e6 5. g3 dxc4 6. a4 Nbd7 7. Bg2 a5 8. O-O Bb4 9. Qc2 O-O 10. Rd1 Qe7 11. Bg5 h6 12. Bxf6 Qxf6 13. Ne4 Qe7 14. Ne5 Nb6 15. Rac1 Rd8 16. Nxc4 Nxc4 17. Qxc4 Bd7 18. h4 e5 19. dxe5 Qxe5 20. Nc5 Bxc5 21. Qxc5 Qxc5 22. Rxc5 Kf8 23. Bf3 Ke7 24. g4 g6 25. Rb1 Be6 26. b4 axb4 27. Rxb4 Rd1+ 28. Kg2 Ra7 29. Rc2 Kd6 30. Rxb7 Rxb7 31. Rxc6+ Ke7 32. Rxe6+ Kxe6 33. Bxb7 Rd4 34. Kg3 Rxa4 35. e3 Rb4 36. Bc6 Kd6 37. Be8 Rb7 38. g5 hxg5 39. hxg5 Re7 40. Ba4 Re5 41. f4 Rxe3+ 42. Kg4 Rc3 43. Be8 Ke7 44. Bb5 Ke6 45. Ba4 Kd6 46. Be8 Rc7 47. Ba4 Kd5 48. Bb3+ Ke4 49. Ba2 Rb7 50. Kg3 Kd4 51. Kg4 Ke4 52. Kg3 Ke3 53. Bd5 Re7 54. Bb3 Ra7 55. Bd5 Kd4 56. Bc6 Rc7 57. Bf3 Rc5 58. Bg2 Ke3 59. Bh3 Rf5 60. Bxf5 gxf5 61. Kh4 Kxf4 62. Kh5 Ke5 63. Kh6 f4 64. Kg7 Ke6 65. g6 fxg6 66. Kxg6 f3 67. Kg5 f2 68. Kf4 f1=Q+ 69. Ke4 Qc4+ 70. Ke3 Ke5 71. Kf3 Qd3+ 72. Kf2 Kf4 73. Kg2 Qe2+ 74. Kg1 Kg3 75. Kh1 Qf1# 0-1

[Event "2nd Namma Bengaluru Open-A 2025"]
[Site "Bengaluru"]
[Date "2025.04.15"]
[Round "7.19"]
[White "Setumadhav Yellumahanthi"]
[Black "Vignesh B"]
[Result "1/2-1/2"]
[Annotator "ChessBase"]
[ECO "C11"]
[WhiteElo "2300"]
[BlackElo "2191"]
[PlyCount "65"]
[EventDate "2025.04.10"]
[EventType "swiss"]
[EventCountry "IND"]
[SourceTitle "playchess.com"]
[Source "ChessBase"]
[SourceQuality "1"]
[TimeControl "5400+30"]

1. e4 e6 2. d4 d5 3. Nc3 Nf6 4. e5 Nfd7 5. f4 c5 6. Nf3 Nc6 7. Be3 a6 8. a3 b5 9. Bd3 Qb6 10. O-O Nxd4 11. Nxd4 cxd4 12. Bf2 Bc5 13. Ne2 a5 14. b4 axb4 15. axb4 Rxa1 16. Qxa1 Bxb4 17. Rb1 Qa5 18. Qxa5 Bxa5 19. Bxb5 O-O 20. Nxd4 Bb6 21. Nc6 Bc5 22. Be2 g6 23. Bxc5 Nxc5 24. Rb8 Ba6 25. Rxf8+ Kxf8 26. Bxa6 Nxa6 27. Kf2 Ke8 28. Ke3 Kd7 29. Nd4 Ke7 30. Nc6+ Kd7 31. Nd4 Ke7 32. Nc6+ Kd7 33. Nd4 1/2-1/2

[Event "2nd Namma Bengaluru Open-A 2025"]
[Site "Bengaluru"]
[Date "2025.04.15"]
[Round "7.20"]
[White "Viani Antonio Dcunha"]
[Black "Kshatriya Nitin Vekhande"]
[Result "1-0"]
[Annotator "RC"]
[ECO "B78"]
[WhiteElo "2378"]
[BlackElo "2133"]
[PlyCount "125"]
[EventDate "2025.04.10"]
[EventType "swiss"]
[EventCountry "IND"]
[SourceTitle "playchess.com"]
[Source "ChessBase"]
[SourceQuality "1"]
[TimeControl "5400+30"]

1. e4 c5 2. Nf3 d6 3. d4 cxd4 4. Nxd4 Nf6 5. Nc3 g6 6. Be3 Bg7 7. f3 O-O 8. Qd2 Nc6 9. Bc4 Bd7 10. O-O-O Rc8 11. Bb3 Ne5 12. Kb1 Nc4 13. Bxc4 Rxc4 14. g4 b5 15. g5 Nh5 16. b3 b4 17. Nd5 Rc8 18. Nxb4 a5 19. Nd5 a4 20. Ne2 Be6 21. Bd4 Bxd5 22. exd5 Qd7 23. Ng3 axb3 24. axb3 Bxd4 25. Qxd4 Nxg3 26. hxg3 Qf5 27. Rd2 Qxg5 28. Rxh7 Kxh7 29. Rh2+ Qh6 30. Rxh6+ Kxh6 31. Qh4+ Kg7 32. Qxe7 Rfe8 33. Qd7 Rcd8 34. Qa7 Re2 35. Qc7 Ra8 36. Kb2 Kg8 37. b4 Re1 38. b5 Raa1 39. b6 Reb1+ 40. Kc3 Ra5 41. Qxd6 Rab5 42. Kd4 Rxb6 43. Qd8+ Kg7 44. c4 R6b3 45. f4 Rxg3 46. Qe7 Rd1+ 47. Kc5 Rgd3 48. Qe5+ Kg8 49. Kd6 Ra3 50. Qe8+ Kg7 51. c5 Ra5 52. Qe5+ Kg8 53. c6 Rc1 54. Qe3 Rd1 55. Qe8+ Kg7 56. Qe5+ f6 57. Qe7+ Kh6 58. Qf7 Ra8 59. Qxf6 Kh7 60. f5 Rg1 61. Qe7+ Kh8 62. f6 Rg8 63. f7 1-0

[Event "2nd Namma Bengaluru Open-A 2025"]
[Site "Bengaluru"]
[Date "2025.04.15"]
[Round "7.20"]
[White "Viani Antonio Dcunha"]
[Black "Kshatriya Nitin Vekhande"]
[Result "*"]
[Annotator "RC"]
[ECO "B78"]
[WhiteElo "2378"]
[BlackElo "2133"]
[PlyCount "45"]
[EventDate "2025.04.10"]
[EventType "swiss"]
[EventCountry "IND"]
[SourceTitle "playchess.com"]
[Source "ChessBase"]
[SourceQuality "1"]
[TimeControl "5400+30"]

1. e4 c5 2. Nf3 d6 3. d4 cxd4 4. Nxd4 Nf6 5. Nc3 g6 6. Be3 Bg7 7. f3 O-O 8. Qd2 Nc6 9. Bc4 Bd7 10. O-O-O Rc8 11. Bb3 Ne5 12. Kb1 Nc4 13. Bxc4 Rxc4 14. g4 b5 15. g5 Nh5 16. b3 b4 17. Nd5 Rc8 18. Nxb4 a5 19. Nd5 a4 20. Ne2 Be6 21. Bd4 Bxd5 22. exd5 Qd7 23. Ng3 *

[Event "2nd Namma Bengaluru Open-A 2025"]
[Site "Bengaluru"]
[Date "2025.04.15"]
[Round "7.21"]
[White "Sanikidze, Tornike"]
[Black "Matta, Vinay Kumar"]
[Result "1-0"]
[Annotator "RC"]
[ECO "D52"]
[WhiteElo "2448"]
[BlackElo "2054"]
[PlyCount "99"]
[EventDate "2025.04.10"]
[EventType "swiss"]
[EventCountry "IND"]
[SourceTitle "playchess.com"]
[Source "ChessBase"]
[SourceQuality "1"]
[TimeControl "5400+30"]

1. d4 d5 2. c4 c6 3. Nf3 Nf6 4. Nc3 e6 5. Bg5 Nbd7 6. e3 Qa5 7. Nd2 Bb4 8. Rc1 Ne4 9. Ndxe4 dxe4 10. Bh4 Qxa2 11. Qc2 Nb6 12. Kd1 Bxc3 13. bxc3 Qa5 14. c5 Nd5 15. c4 Nb4 16. Qd2 Qa4+ 17. Ke1 a5 18. f3 Qb3 19. Kf2 a4 20. Be2 Nd3+ 21. Bxd3 exd3 22. Rc3 Qb4 23. Qxd3 O-O 24. Bg3 Qa5 25. Ra3 b5 26. cxb6 Qxb6 27. Rb1 Qd8 28. Rb4 c5 29. Rbxa4 Rxa4 30. Rxa4 Bb7 31. Qb3 cxd4 32. Qxb7 dxe3+ 33. Kxe3 Qg5+ 34. Ke2 Rd8 35. Qb2 h5 36. Kf1 h4 37. Be1 h3 38. gxh3 Qf5 39. Ra3 Rd1 40. Qe2 Rd4 41. h4 e5 42. Re3 f6 43. Re4 Rd8 44. c5 Rc8 45. Qc4+ Kh8 46. Kg2 Rb8 47. c6 Rb2+ 48. Re2 e4 49. Rxb2 Qxf3+ 50. Kg1 1-0

[Event "2nd Namma Bengaluru Open-A 2025"]
[Site "Bengaluru"]
[Date "2025.04.15"]
[Round "7.21"]
[White "Sanikidze, Tornike"]
[Black "Matta, Vinay Kumar"]
[Result "*"]
[Annotator "RC"]
[ECO "D52"]
[WhiteElo "2448"]
[BlackElo "2054"]
[PlyCount "42"]
[EventDate "2025.04.10"]
[EventType "swiss"]
[EventCountry "IND"]
[SourceTitle "playchess.com"]
[Source "ChessBase"]
[SourceQuality "1"]
[TimeControl "5400+30"]

1. d4 d5 2. c4 c6 3. Nf3 Nf6 4. Nc3 e6 5. Bg5 Nbd7 6. e3 Qa5 7. Nd2 Bb4 8. Rc1 Ne4 9. Ndxe4 dxe4 10. Bh4 Qxa2 11. Qc2 Nb6 12. Kd1 Bxc3 13. bxc3 Qa5 14. c5 Nd5 15. c4 Nb4 16. Qd2 Qa4+ 17. Ke1 a5 18. f3 Qb3 19. Kf2 a4 20. Be2 Nd3+ 21. Bxd3 exd3 *

[Event "2nd Namma Bengaluru Open-A 2025"]
[Site "Bengaluru"]
[Date "2025.04.15"]
[Round "7.22"]
[White "Deepan Chakkravarthy J."]
[Black "Arnav Agrawal"]
[Result "*"]
[Annotator "RC"]
[ECO "B22"]
[WhiteElo "2394"]
[BlackElo "2194"]
[PlyCount "67"]
[EventDate "2025.04.10"]
[EventType "swiss"]
[EventCountry "IND"]
[SourceTitle "playchess.com"]
[Source "ChessBase"]
[SourceQuality "1"]
[TimeControl "5400+30"]

1. e4 c5 2. Be2 d6 3. f4 Nc6 4. d3 g6 5. Nf3 Bg7 6. c3 Nf6 7. O-O O-O 8. Kh1 b5 9. a3 a5 10. Be3 Bb7 11. Nbd2 b4 12. d4 cxd4 13. cxd4 d5 14. e5 Ne4 15. Bd3 Ba6 16. Nxe4 dxe4 17. Bxe4 Bxf1 18. Bxc6 Bc4 19. Bxa8 Qxa8 20. axb4 Rb8 21. bxa5 e6 22. Bd2 Rxb2 23. Qc1 Ra2 24. Rxa2 Bxa2 25. Qc7 h6 26. Kg1 Bd5 27. Kf2 Bb7 28. Bb4 Bxf3 29. gxf3 Qd5 30. Qc3 Qa2+ 31. Qd2 Qa4 32. Be7 h5 33. f5 gxf5 34. Kg2 *

[Event "2nd Namma Bengaluru Open-A 2025"]
[Site "Bengaluru"]
[Date "2025.04.15"]
[Round "7.23"]
[White "Panda Sambit"]
[Black "Koustuv Dash"]
[Result "0-1"]
[Annotator "RC"]
[ECO "A07"]
[WhiteElo "2391"]
[BlackElo "2131"]
[PlyCount "112"]
[EventDate "2025.04.10"]
[EventType "swiss"]
[EventCountry "IND"]
[SourceTitle "playchess.com"]
[Source "ChessBase"]
[SourceQuality "1"]
[TimeControl "5400+30"]

1. Nf3 Nf6 2. g3 d5 3. Bg2 c6 4. O-O Bg4 5. h3 Bh5 6. c4 e6 7. d4 Be7 8. Nc3 Nbd7 9. Ne5 Bg6 10. Nxg6 hxg6 11. Qd3 O-O 12. Rd1 a6 13. a4 a5 14. Bf3 Re8 15. Bg5 Nb8 16. e3 Na6 17. Qe2 Nb4 18. Rac1 Nd7 19. Bxe7 Qxe7 20. b3 Rad8 21. Bg2 Nf6 22. f4 b6 23. Kh1 dxc4 24. bxc4 c5 25. Rd2 cxd4 26. exd4 Rd7 27. Nb5 Rc8 28. Re1 Qd8 29. Red1 Ne8 30. d5 exd5 31. Bxd5 Nxd5 32. Rxd5 Rxd5 33. cxd5 Nd6 34. Nd4 Rc4 35. Nc6 Qd7 36. Kh2 Rxa4 37. Qf2 b5 38. Re1 Ne4 39. Qg2 Nc3 40. Kh1 Ra2 41. Qf3 Qxh3+ 42. Kg1 Nxd5 43. Nd8 Qd7 44. Rd1 Qxd8 45. Rxd5 Qb6+ 46. Kf1 Ra1+ 47. Kg2 Ra2+ 48. Kf1 Ra1+ 49. Kg2 Qg1+ 50. Kh3 Rf1 51. Qe4 Qh1+ 52. Qxh1 Rxh1+ 53. Kg2 Rb1 54. Rd8+ Kh7 55. Ra8 a4 56. Ra7 f6 0-1

[Event "2nd Namma Bengaluru Open-A 2025"]
[Site "Bengaluru"]
[Date "2025.04.15"]
[Round "7.24"]
[White "Sammed Jaykumar, Shete"]
[Black "Anadkat Kartavya"]
[Result "1-0"]
[Annotator "RC"]
[ECO "A46"]
[WhiteElo "2391"]
[BlackElo "2187"]
[PlyCount "59"]
[EventDate "2025.04.10"]
[EventType "swiss"]
[EventCountry "IND"]
[SourceTitle "playchess.com"]
[Source "ChessBase"]
[SourceQuality "1"]
[TimeControl "5400+30"]

1. Nf3 Nf6 2. d4 e6 3. Bg5 c5 4. e3 Qb6 5. Nbd2 Qxb2 6. Bd3 Nc6 7. O-O Qb6 8. c4 Be7 9. a3 d6 10. Qc2 h6 11. Bh4 O-O 12. Rfd1 cxd4 13. Rab1 Qc7 14. exd4 Bd7 15. d5 Ne5 16. Nxe5 dxe5 17. Bxf6 Bxf6 18. Ne4 exd5 19. Nxf6+ gxf6 20. Qd2 Kg7 21. cxd5 Rfc8 22. Qb4 Qc3 23. Qh4 b6 24. d6 f5 25. Ba6 Rc5 26. Qe7 Ba4 27. d7 Bxd1 28. Rxd1 Qxa3 29. Bf1 Ra5 30. Rd6 1-0

[Event "2nd Namma Bengaluru Open-A 2025"]
[Site "Bengaluru"]
[Date "2025.04.15"]
[Round "7.25"]
[White "Srihari L R"]
[Black "Ashwin Sairam"]
[Result "0-1"]
[Annotator "TA"]
[ECO "B07"]
[WhiteElo "2481"]
[BlackElo "2074"]
[PlyCount "76"]
[EventDate "2025.04.10"]
[EventType "swiss"]
[EventCountry "IND"]
[SourceTitle "playchess.com"]
[Source "ChessBase"]
[SourceQuality "1"]
[TimeControl "5400+30"]

1. e4 d6 2. d4 Nf6 3. Nc3 Nbd7 4. f4 e5 5. Be3 c6 6. Qf3 {[%emt 0:03:31] B07: Pirc Defence: Miscellaneous Systems.} b5 7. O-O-O b4 8. Nce2 {[%emt 0:00:59] White is slightly better.} Qa5 9. Kb1 Nb6 $146 (9... Be7 10. Nc1 Qc7 11. g4 h5 12. gxh5 exd4 13. Rxd4 c5 14. Rd1 Bb7 15. Bg2 Bxe4 {0-1 Munoz,C (2017)-Valdes Romero,L (2387) CRI-ch San Jose 2011 (7)}) 10. fxe5 dxe5 11. dxe5 Be6 $1 $132 {[%emt 0:01:36][%mdl 2048] Black is not keeping still} 12. Nc1 (12. exf6 Qxa2+ 13. Kc1 Nc4) 12... Qxe5 13. Bd4 Qxe4 14. Qf2 {[%emt 0:02:15][%cal Of1d3] White sacrificed a pawn} Rd8 15. Be2 {[%emt 0:06:54][%cal Oe2f3] Bf3! would now be deadly.} Ng4 16. Bxg4 {[%emt 0:00:57] A sharp opening} Qxg4 (16... Bxg4 $2 17. Re1 $18) 17. Nf3 Bd6 (17... Nd7 $14) 18. Bxb6 (18. Bc5 $1 $16 Bxc5 19. Qxc5) 18... axb6 $11 19. Qxb6 O-O (19... Qxg2 $2 20. Qxc6+ Ke7 21. Rhg1 $18) 20. Ne5 Qxg2 $15 (20... Bxe5 $2 21. Rxd8 f6 22. Rxf8+ Kxf8 23. Qxc6 $18) 21. Rhg1 (21. Qxc6 $15 Qg5 (21... Bxe5 $2 22. Qxg2 Ra8 23. Rhe1 $18) 22. Rxd6 (22. Nxf7 $2 Bxf7 23. Rxd6 Bd5 $19) 22... Qxe5 23. Rhd1) 21... Qxh2 $17 22. Nxc6 Rd7 23. Rh1 Qf4 24. Qb5 g6 25. Rd4 Qg3 26. Rdh4 (26. Rhd1 $142 Bf5 27. Qa6) 26... h5 27. Ne2 {[%emt 0:02:20] [#]} Qg2 (27... Qe3 $1 $19 {...Bg4 is the strong threat.} 28. Rxh5 gxh5 29. Qxh5 f5) 28. Ned4 $2 {[%emt 0:02:30][%mdl 8192] This costs White the game.} (28. Rxh5 $1 $11 gxh5 29. Qxh5 Bxa2+ (29... Qxc6 30. Qh8#) 30. Kxa2 b3+ (30... Qxc6 31. Qh8#) 31. Kxb3 Rb7+ (31... Qxc6 32. Qh8#) 32. Ka2) 28... Qd5 {[%emt 0:00:26] Black is clearly winning.} 29. Qa4 (29. Qa6 $142 Bg4 30. Rc1) 29... Bg3 $19 {[%emt 0:00:21] This pair of bishops is nice.} 30. Nxb4 Qb7 31. Nxe6 Bxh4 ({Less strong is} 31... fxe6 32. R4h3 $17) 32. Nc6 fxe6 33. Qe4 Bf6 34. c3 Rg7 35. Qxe6+ Kh8 36. Rf1 Qd7 37. Qe4 {[%emt 0:00:24] Prevents Qd3+.} Re8 38. Qc4 {[%emt 0:00:11] [#]} Rc8 $1 {[%emt 0:00:06] Weighted Error Value: White=0.86/Black=0.38  Loses game:     	White=1     	---        Mistake:       	White=5     	Black=2      Inaccurate:     	White=2     	Black=1      OK:         	White=10    	Black=6      Best:        	White=3     	Black=5      Strong:       	---       	Black=1} 0-1

[Event "2nd Namma Bengaluru Open-A 2025"]
[Site "Bengaluru"]
[Date "2025.04.15"]
[Round "7.26"]
[White "Saravana, Krishnan P."]
[Black "Nguyen Van Huy"]
[Result "1-0"]
[Annotator "RC"]
[ECO "B13"]
[WhiteElo "2177"]
[BlackElo "2363"]
[PlyCount "119"]
[EventDate "2025.04.10"]
[EventType "swiss"]
[EventCountry "IND"]
[SourceTitle "playchess.com"]
[Source "ChessBase"]
[SourceQuality "1"]
[TimeControl "5400+30"]

1. e4 c6 2. Nf3 d5 3. exd5 cxd5 4. d4 Nf6 5. Ne5 g6 6. Bb5+ Nbd7 7. O-O Bg7 8. Re1 O-O 9. Nf3 Ne4 10. h3 Qb6 11. Bf1 e5 12. c3 exd4 13. cxd4 Ndf6 14. Qb3 Qxb3 15. axb3 Be6 16. Bf4 Rfc8 17. Bd3 a6 18. Na3 Nh5 19. Be5 f6 20. Bh2 Bf8 21. Nc4 Nxf2 22. Bf1 Ne4 23. Nb6 Bb4 24. Red1 Nhg3 25. Bd3 Bd6 26. Nxa8 Rxa8 27. Re1 Kf7 28. Bxe4 dxe4 29. Nd2 f5 30. Nc4 Bf4 31. Kf2 Nh5 32. Ne5+ Kf6 33. g3 e3+ 34. Kg1 Bxg3 35. Rxe3 f4 36. Rc3 Rd8 37. Rd1 Bxh3 38. Rc7 Be6 39. Rxb7 Kf5 40. Nc6 Rd6 41. d5 Bd7 42. Rb6 Ke4 43. Rxa6 Bg4 44. Rd4+ Ke3 45. b4 Bf2+ 46. Kg2 Bf3+ 47. Kh3 g5 48. Ra3+ Ke2 49. Rxf3 Kxf3 50. Ne5+ Ke2 51. Re4+ Be3 52. Nc4 Rh6 53. Kg4 Nf6+ 54. Kxg5 Rg6+ 55. Kf5 Nxe4 56. Kxe4 Rg4 57. Ne5 h5 58. Nxg4 hxg4 59. Bxf4 Bb6 60. Bg3 1-0

[Event "2nd Namma Bengaluru Open-A 2025"]
[Site "Bengaluru"]
[Date "2025.04.15"]
[Round "7.27"]
[White "Venkatesh, M.R."]
[Black "Daksh Goyal"]
[Result "1-0"]
[Annotator "RC"]
[ECO "A08"]
[WhiteElo "2355"]
[BlackElo "2051"]
[PlyCount "107"]
[EventDate "2025.04.10"]
[EventType "swiss"]
[EventCountry "IND"]
[SourceTitle "playchess.com"]
[Source "ChessBase"]
[SourceQuality "1"]
[TimeControl "5400+30"]

1. e4 e6 2. d3 d5 3. Nd2 c5 4. Ngf3 g6 5. g3 Bg7 6. Bg2 Nc6 7. O-O Nge7 8. Re1 O-O 9. e5 Qc7 10. Qe2 Bd7 11. Nf1 Nd4 12. Nxd4 cxd4 13. Bf4 Rfc8 14. Rac1 Qb6 15. c4 dxc4 16. dxc4 Bc6 17. h4 h6 18. Nh2 Bxg2 19. Kxg2 Nf5 20. Nf3 d3 21. Qxd3 Qxb2 22. g4 Ne7 23. Qe4 Rab8 24. Red1 Rc7 25. Rc2 Qb6 26. Rd6 Qb1 27. Qe2 Qb4 28. Qd3 Rbc8 29. Rd8+ Kh7 30. Rxc8 Rxc8 31. Kg3 Qa4 32. h5 b5 33. c5 Nd5 34. Bd2 Kh8 35. hxg6 fxg6 36. Qxg6 Ne7 37. Qd3 h5 38. gxh5 Rg8 39. Kg2 Qg4+ 40. Kf1 Rf8 41. Rc3 Qh3+ 42. Ke2 Nc6 43. Qe4 b4 44. Rd3 Ne7 45. Qh7+ Kxh7 46. Ng5+ Kh8 47. Rxh3 Bxe5 48. Nxe6 Rf6 49. Ng5 Nd5 50. Rf3 Bf4 51. Bxf4 Nxf4+ 52. Ke3 Ng2+ 53. Ke4 Ra6 54. h6 1-0

[Event "2nd Namma Bengaluru Open-A 2025"]
[Site "Bengaluru"]
[Date "2025.04.15"]
[Round "7.28"]
[White "Sanket Chakravarty"]
[Black "Siddhanth Poonja"]
[Result "0-1"]
[Annotator "ChessBase"]
[ECO "A48"]
[WhiteElo "2317"]
[BlackElo "2046"]
[PlyCount "76"]
[EventDate "2025.04.10"]
[EventType "swiss"]
[EventCountry "IND"]
[SourceTitle "playchess.com"]
[Source "ChessBase"]
[SourceQuality "1"]
[TimeControl "5400+30"]

1. Nf3 c5 2. e3 g6 3. d4 Bg7 4. dxc5 Qa5+ 5. Nbd2 Qxc5 6. a3 Qc7 7. c4 Nf6 8. b4 O-O 9. Bb2 b6 10. Rc1 d6 11. Be2 Bb7 12. O-O Nbd7 13. Qb3 Rac8 14. Rc2 Qb8 15. Rfc1 Qa8 16. Bf1 Rfd8 17. h3 a6 18. Bd4 Rc7 19. Ne1 Rdc8 20. Nd3 Ne8 21. Nb2 e5 22. Bc3 d5 23. Nf3 dxc4 24. Bxc4 Nd6 25. Bd2 Nxc4 26. Rxc4 Rxc4 27. Rxc4 Rxc4 28. Qxc4 Bxf3 29. gxf3 Qxf3 30. Qc8+ Nf8 31. Bc3 e4 32. Bxg7 Kxg7 33. Qxa6 Ne6 34. Qf1 Ng5 35. Nd1 Nxh3+ 36. Kh2 Ng5 37. Nc3 Qg4 38. Kh1 Nf3 0-1

[Event "2nd Namma Bengaluru Open-A 2025"]
[Site "Bengaluru"]
[Date "2025.04.15"]
[Round "7.29"]
[White "Singh, S. Vikramjit"]
[Black "Sriram, Jha"]
[Result "1/2-1/2"]
[Annotator "RC"]
[ECO "D13"]
[WhiteElo "2165"]
[BlackElo "2315"]
[PlyCount "90"]
[EventDate "2025.04.10"]
[EventType "swiss"]
[EventCountry "IND"]
[SourceTitle "playchess.com"]
[Source "ChessBase"]
[SourceQuality "1"]
[TimeControl "5400+30"]

1. d4 d5 2. c4 c6 3. cxd5 cxd5 4. Nc3 Nf6 5. Nf3 Nc6 6. Bf4 a6 7. Qb3 Na5 8. Qc2 g6 9. e3 Bf5 10. Bd3 Bxd3 11. Qxd3 Bg7 12. O-O O-O 13. h3 b5 14. Rfc1 Qb6 15. Ne5 Rfc8 16. Rc2 Qb7 17. Rac1 e6 18. b3 Bf8 19. Nb1 Ne4 20. f3 Nd6 21. Rxc8 Rxc8 22. Rxc8 Qxc8 23. Qc3 Qxc3 24. Nxc3 Ndb7 25. Nd3 Nc6 26. Kf2 f6 27. g4 g5 28. Bg3 Kf7 29. h4 h6 30. hxg5 hxg5 31. Ke2 Ke8 32. Kd2 Kd7 33. Ne2 b4 34. Bh2 Bd6 35. Bxd6 Kxd6 36. Ng3 a5 37. Nh5 Ke7 38. Ng3 Kd6 39. Nh5 Ke7 40. Ng3 Nd6 41. Ne2 Nb5 42. Ne1 e5 43. Kd3 Ke6 44. Nc2 Nd6 45. Ng3 Ne7 1/2-1/2

[Event "2nd Namma Bengaluru Open-A 2025"]
[Site "Bengaluru"]
[Date "2025.04.15"]
[Round "7.30"]
[White "Bhoir Paras Dilip"]
[Black "Jinan Jomon"]
[Result "1-0"]
[Annotator "RC"]
[ECO "B99"]
[WhiteElo "2085"]
[BlackElo "2311"]
[PlyCount "99"]
[EventDate "2025.04.10"]
[EventType "swiss"]
[EventCountry "IND"]
[SourceTitle "playchess.com"]
[Source "ChessBase"]
[SourceQuality "1"]
[TimeControl "5400+30"]

1. e4 c5 2. Nf3 d6 3. d4 cxd4 4. Nxd4 Nf6 5. Nc3 a6 6. Bg5 e6 7. f4 Be7 8. Qf3 Qc7 9. O-O-O Nbd7 10. g4 b5 11. Bxf6 Nxf6 12. g5 Nd7 13. f5 O-O 14. Qh5 b4 15. Rd3 bxc3 16. Rxc3 Qb6 17. Nc6 Bf6 18. e5 g6 19. Qh6 Qf2 20. Kd1 Bg7 21. Ne7+ Kh8 22. Qxh7+ Kxh7 23. Rh3+ Bh6 24. Rxh6+ Kg7 25. f6+ Nxf6 26. exf6+ Qxf6 27. gxf6+ Kxh6 28. Rg1 Rb8 29. b3 Bb7 30. Kd2 Be4 31. a4 a5 32. Bb5 Rb6 33. c4 Kh5 34. Ke3 Bf5 35. Nc6 Ra8 36. Ne7 g5 37. Rf1 Rh8 38. Rf2 Rbb8 39. Rd2 Kg4 40. Rd4+ Kh3 41. Rxd6 Kxh2 42. Rd2+ Kg3 43. c5 Rh4 44. Rd7 Re4+ 45. Kd2 Rh8 46. c6 Rh2+ 47. Kc3 Re3+ 48. Kd4 Kf4 49. Nxf5 exf5 50. c7 1-0